 Dungeon Crawl Stone Soup version 0.24.0-13-gcf9b3192b9 (webtiles) character file.

Game seed: 4719682629283751636, levelgen mode: deterministic

827 Aelig the Slasher (level 8, -1/51 HPs)
             Began as a Halfling Abyssal Knight on Nov 10, 2019.
             Was a Believer of Lugonu.
             Slain by an orc warrior
             ... wielding a +0 dire flail
              (3 damage)
             ... on level 6 of the Dungeon.
             The game lasted 00:13:44 (6034 turns).

Aelig the Slasher (Halfling Abyssal Knight)         Turns: 6034, Time: 00:13:44

Health: -1/51      AC:  9    Str: 18    XL:     8   Next: 17%
Magic:  11/11      EV: 17    Int: 15    God:    Lugonu [**....]
Gold:   212        SH:  0    Dex: 21    Spells: 7/7 levels left

rFire    . . .     SeeInvis .   y - +4 long sword of Qicureu {slice, Int+5}
rCold    . . .     Gourm    .   (shield restricted)
rNeg     . . .     Faith    .   l - +1 scale mail (curse)
rPois    .         Spirit   .   e - +2 hat
rElec    .         Reflect  .   (no cloak)
rCorr    .         Harm     .   (no gloves)
MR       .....                  (no boots)
Stlth    ++........             (no amulet)
HPRegen  0.17/turn              b - ring of stealth
MPRegen  0.12/turn              (no ring)

@: mighty, agile
A: small, mutation resistance 1
a: Depart the Abyss, Bend Space, Renounce Religion


You were on level 6 of the Dungeon.
You worshipped Lugonu.
Lugonu was pleased with you.
You were not hungry.

You visited 1 branch of the dungeon, and saw 7 of its levels.
You visited the Abyss 1 time.

You collected 212 gold pieces.

Inventory:

Hand Weapons
 y - the +4 long sword of Qicureu (weapon) {slice, Int+5}
   (You found it on level 7 of the Dungeon)

   It inflicts extra damage upon your enemies.
   It affects your intelligence (+5).
Missiles
 p - 24 arrows
 q - 16 sling bullets
 t - 27 bolts
Armour
 e - a +2 hat (worn)
 l - a cursed +1 scale mail (worn)
Jewellery
 b - a ring of stealth (left hand)
Scrolls
 f - 2 scrolls of remove curse
 g - 3 scrolls of enchant weapon
 h - 2 scrolls of teleportation
 i - a scroll of noise {unknown}
 x - a scroll of identify
Potions
 d - a potion of brilliance
 j - 2 potions of haste {unknown}
 n - 2 potions of magic
 o - a potion of cancellation {unknown}
 w - a potion of might
Comestibles
 a - 6 chunks of flesh
 c - 5 rations


   Skills:
 - Level 2.6 Fighting
 + Level 7.7 Long Blades
 - Level 2.1 Armour
 - Level 1.1 Dodging
 - Level 5.1 Invocations


You had 7 spell levels left.
You didn't know any spells.
Your spell library contained the following spells:

 Spells                   Type           Power        Failure   Level  Hunger
 Animate Skeleton         Necr           N/A          65%         1    ##.....
 Apportation              Tloc           #.....       65%         1    ##.....
 Confusing Touch          Hex            #.....       65%         1    ##.....
 Summon Small Mammal      Summ           #...         65%         1    ##.....


Dungeon Overview and Level Annotations

Branches:
Dungeon (7/15)             Temple (0/1) D:4

Altars:
Elyvilon
Nemelex Xobeh
Trog
Yredelemnul

Annotations:
D:5 Prince Ribbit


Innate Abilities, Weirdness & Mutations

You are small and have problems with some larger weapons.
You are somewhat resistant to further mutation.


Message History

The orc warrior hits you with a +0 dire flail!
* * * LOW HITPOINT WARNING * * *
You bump into the rock wall.
The orc warrior hits you with a +0 dire flail!
* * * LOW HITPOINT WARNING * * *
You feel agile all of a sudden.
You feel very mighty all of a sudden. The orc warrior closely misses you.
You hear some strange, mumbled words.
A magic dart appears from out of thin air!
The magic dart hits you.
* * * LOW HITPOINT WARNING * * *
You feel less confused.
You barely miss the orc warrior.
The orc warrior is severely wounded.
The orc warrior misses you. Something hits you but does no damage.
You barely miss the orc warrior.
The orc warrior is severely wounded.
The orc warrior hits you with a +0 dire flail.
You die...

#..................#...
#..................#...
#........##...##...#...
#........##...##...#...
#.............##..####'
#.............##..####.
########..##...##...##.......
....#.##..##...#######.......
...........o@...#.(.#........
...........{....#.. #.....##.
...##....รท##...##'####....##.
#.....#######...##....#..
###)####........##....#.)
##.....##........#######..
#.................# #..
#.................# ####..
##.....##.........# #.....


You could see an orc warrior.

Vanquished Creatures
  A phantom (D:4)
  An ogre (D:6)
  A big kobold (D:4)
  A bullfrog (D:6)
  A scorpion (D:7)
  A jelly (D:6)
  A crimson imp (D:6)
  A hound (D:5)
  An orc priest (D:6)
  3 orc wizards
  3 iguanas
  A worker ant (D:4)
  2 gnolls (D:6)
  4 adders
  2 oozes (D:4)
  A dart slug (D:1)
  4 leopard geckos
  12 orcs
  4 giant cockroaches
  5 goblins
  5 hobgoblins
  12 jackals
  4 quokkas
  A ball python (D:3)
  5 bats
  2 frilled lizards
  11 kobolds
  7 rats
97 creatures vanquished.

Vanquished Creatures (others)
  A wizard (D:4)
  6 fungi (D:4)
  9 toadstools (D:4)
16 creatures vanquished.

Grand Total: 113 creatures vanquished

Notes
Turn   | Place    | Note
-------+----------+-------------------------------------------
     0 | Abyss:1  | Aelig the Halfling Abyssal Knight began the quest for the
                  | Orb.
     0 | Abyss:1  | Reached XP level 1. HP: 15/15 MP: 2/2
     9 | D:1      | Escaped the Abyss
   211 | D:1      | Reached XP level 2. HP: 19/20 MP: 3/3
   482 | D:1      | Reached skill level 3 in Long Blades
   612 | D:1      | Reached XP level 3. HP: 25/25 MP: 4/4
   963 | D:2      | Reached ** piety under Lugonu
  1166 | D:2      | Found a white marble altar of Elyvilon.
  1169 | D:2      | Found a sparkling altar of Nemelex Xobeh.
  1172 | D:2      | Found a basalt altar of Yredelemnul.
  2531 | D:4      | Found a staircase to the Ecumenical Temple.
  2599 | D:4      | Reached skill level 4 in Long Blades
  2599 | D:4      | Reached XP level 4. HP: 18/30 MP: 2/6
  2682 | D:4      | Noticed a big kobold
  2700 | D:4      | Killed a big kobold
  2700 | D:4      | Reached XP level 5. HP: 10/35 MP: 7/7
  2968 | D:4      | Noticed a phantom
  3015 | D:4      | Killed a phantom
  3015 | D:4      | Reached skill level 5 in Long Blades
  3015 | D:4      | Reached XP level 6. HP: 20/41 MP: 7/9
  3190 | D:4      | Found a bloodstained altar of Trog.
  3387 | D:4      | Noticed a wizard
  3390 | D:4      | Killed a wizard
  4398 | D:4      | Reached XP level 7. HP: 43/45 MP: 10/10
  4435 | D:5      | Entered Level 5 of the Dungeon
  4502 | D:5      | You fall into a shaft and drop 2 floors!
  4562 | D:7      | Reached skill level 5 in Invocations
  4664 | D:7      | Got a jewelled long sword
  4667 | D:7      | Identified the +4 long sword of Qicureu {slice, Int+5} (You
                  | found it on level 7 of the Dungeon)
  4866 | D:6      | Reached skill level 6 in Long Blades
  5280 | D:5      | Reached skill level 7 in Long Blades
  5283 | D:5      | Reached XP level 8. HP: 24/51 MP: 11/11
  5539 | D:5      | Noticed Prince Ribbit
  6031 | D:6      | HP: 2/51 [something/magic dart (6)]
  6034 | D:6      | Slain by an orc warrior

Levels and vault maps discovered:
D:1:      kennysheep_arrival_forest, layout_loops_ring, serial_forest,
          infiniplex_forest_corner_1, infiniplex_forest_clump_tiny,
          infiniplex_forest_end_3, infiniplex_forest_corner_2,
          infiniplex_forest_end_1, infiniplex_forest_straight_2
D:2:      layout_basic, grunt_temple_overflow_diamond
D:3:      layout_basic, kennysheep_pointless_box
D:4:      cheibrodos_fertilizer, layout_basic, minmay_temple_entry_water_ring,
          trog_wizard, uniq_menkaure
D:5:      layout_basic, first_ration, hangedman_decor_lopped, uniq_eustachio,
          uniq_prince_ribbit1
D:6:      layout_gridville, enter_ossuary_2
D:7:      layout_gridville, serial_co_window_serial, co_window_paths_b,
          co_window_of_opportunity_a, co_window_of_opportunity_a,
          co_window_corner_a, co_window_paths_b, co_window_cross_4,
          co_window_of_opportunity_b, co_window_of_opportunity_c,
          co_window_of_opportunity_b, co_window_of_opportunity_b,
          co_window_corner_b, co_window_2corner

Skill      XL: |  1  2  3  4  5  6  7 |
---------------+----------------------+-----
Long Blades    | 3 4 5 7 |  7.7
Invocations    | 3 4 5 |  5.1
Fighting       | |  2.6
Armour         | |  2.1
Dodging        | |  1.1

Action                   |  1- 3 |  4- 6 |  7- 9 || total
-------------------------+-------+-------+-------++-------
Melee: Falchion          |   101 |   111 |    39 ||   251
       Long sword        |       |       |    77 ||    77
Invok: Bend Space        |       |     1 |     5 ||     6
  Use: Scroll            |     9 |       |     7 ||    16
       Potion            |       |     2 |     7 ||     9
 Stab: Sleeping          |     1 |     1 |       ||     2
       Invisible         |       |     3 |       ||     3
  Eat: Chunk             |     4 |     6 |     3 ||    13
       Ration            |       |       |     1 ||     1
Armor: Leather armour    |     6 |       |       ||     6
       Ring mail         |    20 |       |       ||    20
       Scale mail        |    14 |    47 |    48 ||   109
       Skin              |       |       |    17 ||    17
Dodge: Dodged            |    89 |    75 |    68 ||   232
       Rpst.: Falchion   |    29 |    18 |     8 ||    55
       Long sword        |       |       |     9 ||     9
